 Dungeon Crawl Stone Soup version 0.17.1-2-g5865329 (webtiles) character file.

133 PossumBlood the Magician (level 4, -2/24 HPs)
             Began as a Deep Elf Wizard on Jan 22, 2016.
             Killed by divine providence
             ... invoked by an orc priest
              (11 damage)
             ... on level 5 of the Dungeon.
             The game lasted 00:15:54 (3092 turns).

PossumBlood the Magician (Deep Elf Wizard)          Turns: 3092, Time: 00:15:54

Health: -2/24      AC:  6    Str:  4    XL:     4   Next: 93%
Magic:  18/26      EV: 12    Int: 26    God:
Gold:   196        SH:  0    Dex: 13    Spells: 6 memorised, 5 levels left

rFire  . . .     SeeInvis .     e - +1 dagger (vamp)
rCold  . . .     Clarity  +     a - +0 robe
rNeg   . . .     SustAt   .     (no shield)
rPois  .         Gourm    .     b - +2 hat
rElec  .         Spirit   .     (no cloak)
rCorr  .         Warding  .     (no gloves)
rMut   .         Stasis   .     (no boots)
MR     .....                    x - amulet of clarity
Stlth  ++........               p - +2 ring of protection
                                h - ring of magical power

@: repel missiles, not resistant to hostile enchantments, unstealthy
A: clever 1, high mp 1, regeneration 1
a: no special abilities


You were on level 5 of the Dungeon.
You were not hungry.

You visited 2 branches of the dungeon, and saw 6 of its levels.

You collected 196 gold pieces.

Inventory:

Hand Weapons
 e - a +1 vampiric dagger (weapon)
Armour
 a - a +0 robe (worn)
 b - a +2 hat (worn)
Jewellery
 h - a ring of magical power (left hand)
 p - a +2 ring of protection (right hand)
 x - an amulet of clarity (around neck)
Scrolls
 g - a scroll of magic mapping
 i - a scroll of remove curse
 k - a scroll of identify
 n - a scroll of enchant weapon {unknown}
 w - a scroll of immolation
Potions
 l - a potion of degeneration
 m - a potion of cancellation {unknown}
 o - 2 potions of might
 r - 2 potions of heal wounds {unknown}
 t - a potion of curing {unknown}
 v - a potion of lignification {unknown}
Books
 c - a book of Minor Magic

   Spells                             Type                      Level
   a - Magic Dart                     Conjuration                  1
   b - Blink                          Translocation                2
   c - Call Imp                       Summoning                    2
   d - Repel Missiles                 Charms/Air                   2
   e - Slow                           Hexes                        2
   f - Conjure Flame                  Conjuration/Fire             3
   g - Mephitic Cloud                 Conjuration/Poison/Air       3
Comestibles
 d - 6 bread rations
 j - a meat ration


   Skills:
 - Level 2.4 Dodging
 - Level 2.4 Stealth
 + Level 7.7 Spellcasting
 - Level 1.1 Conjurations
   Level 1.1 Summonings
 - Level 1.1 Translocations


You had 5 spell levels left.
You knew the following spells:

 Your Spells              Type           Power        Failure   Level  Hunger
a - Magic Dart            Conj           ###.         3%          1    None
b - Blink                 Tloc           N/A          6%          2    None
c - Repel Missiles        Chrm/Air       ##....       12%         2    None
d - Slow                  Hex            ##......     12%         2    None
e - Conjure Flame         Conj/Fire      ##......     17%         3    None
f - Mephitic Cloud        Conj/Pois/Air  ##......     17%         3    None


Dungeon Overview and Level Annotations

Branches:
Dungeon (5/15)             Temple (1/1) D:4

Altars:
Ashenzari
Cheibriados
Dithmenos
Fedhas
Makhleb
Nemelex Xobeh
Qazlal
Ru
Sif Muna
Trog
Xom
Yredelemnul
Zin
The Shining One

Annotations:
D:4 schorsch312's ghost, amateur HOFi


Innate Abilities, Weirdness & Mutations

Your mind is acute. (Int +2)
You have an increased reservoir of magic (+10% MP).
Your natural rate of healing is unusually fast.


Message History

The orc priest shouts!
Casting: Magic Dart
Confirm with . or Enter, or press ? or * to list all spells.
Aiming: Magic Dart
Press: ? - help, Shift-Dir - straight line, f/p - orc wizard
Aim: an orc wizard, wielding a dagger and wearing a robe (moderately wounded)
The magic dart hits the orc wizard.
The orc wizard is moderately wounded.
The orc wizard points at you and mumbles some strange words.
The puff of flame hits you!
Casting: Magic Dart
Confirm with . or Enter, or press ? or * to list all spells.
Aiming: Magic Dart
Press: ? - help, Shift-Dir - straight line, f/p - orc wizard
Aim: an orc wizard, wielding a dagger and wearing a robe (moderately wounded)
The magic dart hits the orc wizard.
The orc wizard is severely wounded.
The orc priest mumbles some strange prayers to Beogh against you.
Something smites you!
You die...

#.. #.# #.### #.#.##### #
#.#.....#.# ### ## #.#.###.#.#
#.# .# #.#.......# #.#
##########.#####.###########.#
......[......>..@# #.........#
#############.#.o# #.#######.#
#############.##.###[# #.#
.....{Y§.)........##.# #.#
###############...##)# #.####
# #.o..#.# #..... # ##.#÷#.#
###### # #.....# ###.# #
#.....# ...#


You could see an orc priest and an orc wizard.

Vanquished Creatures
  A hound (D:5)
  A worker ant (D:3)
  A hound skeleton (D:5)
  2 adders
  4 orcs
  10 bats
  6 giant cockroaches
  A hobgoblin (D:2)
  A quokka (D:2)
  A ball python (D:2)
  A giant newt (D:2)
  6 goblins
  4 jackals (D:3)
  3 kobolds
  7 rats
49 creatures vanquished.

Notes
Turn   | Place    | Note
--------------------------------------------------------------
     0 | D:1      | PossumBlood the Deep Elf Wizard began the quest for the Orb.
     0 | D:1      | Reached XP level 1. HP: 10/10 MP: 7/7
   447 | D:1      | Reached skill level 5 in Spellcasting
   500 | D:1      | Reached XP level 2. HP: 15/15 MP: 10/10
   504 | D:1      | Learned a level 2 spell: Blink
   507 | D:1      | Learned a level 2 spell: Repel Missiles
   510 | D:1      | Learned a level 2 spell: Slow
  1361 | D:2      | Found a shattered altar of Ashenzari.
  1573 | D:3      | Reached XP level 3. HP: 19/19 MP: 12/12
  1658 | D:3      | Reached skill level 6 in Spellcasting
  1751 | D:3      | Gained mutation: You have an increased reservoir of magic (+10% MP). [potion of mutation]
  1751 | D:3      | Gained mutation: Your natural rate of healing is unusually fast. [potion of mutation]
  1751 | D:3      | Gained mutation: Your mind is acute. (Int +2) [potion of mutation]
  1894 | D:3      | Learned a level 3 spell: Conjure Flame
  1898 | D:3      | Learned a level 3 spell: Mephitic Cloud
  2229 | D:3      | Reached XP level 4. HP: 15/24 MP: 16/16
  2388 | D:3      | Found a basalt altar of Yredelemnul.
  2442 | D:4      | Found a staircase to the Ecumenical Temple.
  2452 | Temple   | Entered the Ecumenical Temple
  2462 | D:4      | Noticed schorsch312's ghost (amateur HOFi)
  2503 | D:5      | Entered Level 5 of the Dungeon
  2752 | D:5      | Reached skill level 7 in Spellcasting
  2887 | D:5      | Noticed an ice beast
  3092 | D:5      | Killed from afar by an orc priest

Action                   |  1- 3 |  4- 6 || total
-------------------------+-------+-------++-------
Melee: Dagger            |       |     8 ||     8
 Cast: Magic Dart        |   102 |    64 ||   166
       Repel Missiles    |     1 |       ||     1
       Conjure Flame     |     1 |     8 ||     9
       Blink             |     1 |       ||     1
  Use: Potion            |     1 |     1 ||     2
       Scroll            |       |    11 ||    11
  Eat: Pizza             |     3 |       ||     3
       Bread ration      |     1 |       ||     1
       Beef jerky        |       |     1 ||     1
